 Dungeon Crawl Stone Soup version 0.21.0-24-g2553a33 (webtiles) character file.

343 raph the Chiller (level 6, -1/47 HPs)
             Began as a Draconian Ice Elementalist on Jan 20, 2018.
             Was an Initiate of Kikubaaqudgha.
             Slain by an iguana (9 damage)
             ... on level 4 of the Dungeon.
             The game lasted 00:06:25 (3141 turns).

raph the Chiller (Draconian Ice Elementalist)       Turns: 3141, Time: 00:06:25

Health: -1/47      AC: 11    Str: 10    XL:     6   Next: 31%
Magic:  2/10       EV: 12    Int: 18    God:    Kikubaaqudgha [......]
Gold:   106        SH:  0    Dex: 11    Spells: 1/11 levels left

rFire    . . .     SeeInvis .   k - +0 long sword
rCold    . . .     Gourm    .   (no shield)
rNeg     . . .     Faith    .   (armour unavailable)
rPois    .         Spirit   .   (helmet restricted)
rElec    .         Reflect  .   (no cloak)
rCorr    .         Harm     .   (no gloves)
MR       .....                  (no boots)
Stlth    ++........             (no amulet)
HPRegen  0.15/turn              (no ring)
MPRegen  0.12/turn              (no ring)

@: icy armour, slow
A: unfitting armour, cold-blooded, AC +6
a: Renounce Religion


You were on level 4 of the Dungeon.
You worshipped Kikubaaqudgha.
Kikubaaqudgha was noncommittal.
You were hungry.

You visited 1 branch of the dungeon, and saw 4 of its levels.

You collected 106 gold pieces.

Inventory:

Hand Weapons
 k - a +0 long sword (weapon)
Scrolls
 c - a scroll of fear {unknown}
 e - 3 scrolls of magic mapping {unknown}
 f - 2 scrolls of enchant armour {unknown}
 g - a scroll of amnesia {unknown}
 h - 3 scrolls of remove curse {unknown}
 i - a scroll of random uselessness {unknown}
 l - 2 scrolls of blinking {unknown}
 m - 2 scrolls of immolation {unknown}
 o - 2 scrolls of identify {unknown}
 q - a scroll of fog {unknown}
 t - a scroll of teleportation {unknown}
Potions
 j - a potion of lignification {unknown}
 n - a potion of might {unknown}
 p - a potion of mutation {unknown}
 r - a potion of heal wounds {unknown}
 s - 2 potions of brilliance {unknown}
Books
 a - a book of Frost

   Spells                             Type                      Level
   a - Freeze                         Ice                          1
   b - Throw Frost                    Conjuration/Ice              2
   c - Ozocubu's Armour               Charms/Ice                   3
   d - Throw Icicle                   Conjuration/Ice              4
   e - Summon Ice Beast               Ice/Summoning                4
Comestibles
 b - 7 rations
 d - 3 chunks of flesh


   Skills:
 - Level 1.0 Fighting
 * Level 1.6 Long Blades
 - Level 2.6 Dodging
 - Level 2.5 Stealth
 - Level 3.1 Spellcasting
 - Level 1.7 Conjurations
 + Level 0.8 Necromancy
 - Level 4.9 Ice Magic


You had one spell level left.
You knew the following spells:

 Your Spells              Type           Power        Failure   Level  Hunger
a - Freeze                Ice            ###.         2%          1    None
b - Throw Frost           Conj/Ice       ##....       6%          2    ##.....
c - Ozocubu's Armour      Chrm/Ice       ##......     17%         3    ###....
d - Throw Icicle          Conj/Ice       ##......     38%         4    ####...


Dungeon Overview and Level Annotations

Branches:
Dungeon (4/15)
 Temple: D:4-7

Altars:
Kikubaaqudgha
Yredelemnul


Innate Abilities, Weirdness & Mutations

Your plain brown scales are hard. (AC +6)
You cannot fit into any form of body armour.
You are cold-blooded and may be slowed by cold attacks.


Message History

The iguana is moderately wounded.
The iguana bites you!
You hit the iguana.
You tail-slap the iguana, but do no damage.
The iguana is moderately wounded.
The iguana bites you but does no damage.
You barely miss the iguana.
The iguana is moderately wounded.
The iguana bites you! x2
* * * LOW HITPOINT WARNING * * *
Casting: Freeze
Confirm with . or Enter, or press ? or * to list all spells.
Aiming: Freeze
Press: ? - help, Shift-Dir - straight line, f - iguana
Aim: an iguana (moderately wounded)
You freeze the iguana.
The iguana is heavily wounded.
The iguana bites you!
You die...
Kikubaaqudgha rasps: "You have failed me!
Welcome... death!"

########## #.....!..#
#........# #######
#........# .....[#
#..l.....# ......#
#.@......#
......#########........#
..............).........
......#########.........
......# #.........
#..##.# #.........
#...#.# ####.##.#.
#.#.#.# .# .# ......# .#


You could see an iguana.

Vanquished Creatures
  Blork the orc (D:4)
  A hound (D:2)
  A bullfrog skeleton (D:3)
  Natasha (thrice) (D:2)
  A worker ant (D:3)
  4 adders (D:2)
  A gnoll (D:1)
  An ooze (D:3)
  A worm (D:2)
  A dart slug (D:3)
  2 leopard geckos (D:3)
  6 bats
  2 giant cockroaches
  11 goblins
  5 hobgoblins
  12 jackals
  2 quokkas
  A ball python (D:2)
  2 frilled lizards (D:2)
  5 kobolds
  8 rats
71 creatures vanquished.

Notes
Turn   | Place    | Note
-------+----------+-------------------------------------------
     0 | D:1      | raph the Draconian Ice Elementalist began the quest for the Orb.
     0 | D:1      | Reached XP level 1. HP: 14/14 MP: 3/3
   188 | D:1      | Reached XP level 2. HP: 20/20 MP: 5/5
   303 | D:1      | Learned a level 2 spell: Throw Frost
   720 | D:1      | Reached XP level 3. HP: 21/26 MP: 4/6
  1033 | D:2      | Learned a level 3 spell: Ozocubu's Armour
  1380 | D:2      | Reached XP level 4. HP: 31/33 MP: 3/7
  1605 | D:2      | Noticed Natasha
  1611 | D:2      | Killed Natasha
  1611 | D:2      | Reached skill level 4 in Ice Magic
  1680 | D:2      | Reached XP level 5. HP: 20/39 MP: 6/9
  1854 | D:2      | Noticed Natasha
  1858 | D:2      | Killed Natasha
  2006 | D:2      | Found a basalt altar of Yredelemnul.
  2008 | D:2      | Noticed Natasha
  2017 | D:2      | Killed Natasha
  2554 | D:3      | Learned a level 4 spell: Throw Icicle
  2817 | D:3      | Found an ancient bone altar of Kikubaaqudgha.
  2829 | D:3      | Became a worshipper of Kikubaaqudgha
  2876 | D:3      | Reached skill level 1 in Fighting
  2876 | D:3      | Reached XP level 6. HP: 18/47 MP: 7/10
  3116 | D:4      | Noticed Blork the orc
  3126 | D:4      | Killed Blork the orc
  3126 | D:4      | Reached skill level 1 in Long Blades
  3141 | D:4      | Slain by an iguana

Skill      XL: |  1  2  3  4  5  6 |
---------------+-------------------+-----
Stealth        | 2 |  2.5
Dodging        | 2 |  2.6
Ice Magic      | 4 |  4.9
Spellcasting   | 3 |  3.1
Fighting       | 1 |  1.0
Long Blades    | 1 |  1.6
Conjurations   | |  1.7
Necromancy     | |  0.8

Action                   |  1- 3 |  4- 6 || total
-------------------------+-------+-------++-------
Melee: Unarmed           |    11 |       ||    11
       Dagger            |   106 |       ||   106
       Tailslap          |     7 |     6 ||    13
       Long sword        |       |    83 ||    83
 Cast: Freeze            |    34 |    25 ||    59
       Ozocubu's Armour  |     1 |    11 ||    12
       Throw Frost       |     1 |     3 ||     4
       Throw Icicle      |       |     1 ||     1
  Use: Potion            |       |     1 ||     1
 Stab: Sleeping          |     1 |     4 ||     5
  Eat: Chunk             |     2 |     7 ||     9
Armor: Skin              |    50 |    45 ||    95
Dodge: Dodged            |   130 |    77 ||   207
       Rpst.: Long sword |       |    22 ||    22
